 Dungeon Crawl Stone Soup version 0.29.1-15-g9cfb28693d (webtiles) character file.

Game seed: 9916150033242163763

67 Wiggles the Chopper (level 4, -2/39 HPs)
             Began as a Minotaur Berserker on Mar 29, 2023.
             Was a Believer of Trog.
             Slain by an orc
             ... wielding a +2 vorpal hand axe
              (3 damage)
             ... on level 3 of the Dungeon.
             The game lasted 00:03:28 (2093 turns).

Wiggles the Chopper (Minotaur Berserker)            Turns: 2093, Time: 00:03:29

Health: -2/39      AC:  6    Str: 24    XL:     4   Next: 0%
Magic:  3/3        EV: 10    Int:  4    God:    Trog [**....]
Gold:   125        SH:  3    Dex:  9    Spells: 3/3 levels left

rFire   . . .      SeeInvis .   a - +0 hand axe
rCold   . . .      Faith    .   c - +0 buckler
rNeg    . . .      Spirit   .   b - +0 scale mail
rPois   .          Reflect  .   (helmet restricted)
rElec   .          Harm     .   (no cloak)
rCorr   .          Rampage  .   (no gloves)
Will    .....                   (no boots)
Stlth   ..........              (no amulet)
HPRegen 0.13/turn               (no ring)
MPRegen 0.08/turn               (no ring)

@: no status effects
A: horns 2, retaliatory headbutt
a: Renounce Religion, Berserk, Trog's Hand


You were on level 3 of the Dungeon.
You worshipped Trog.
Trog was pleased with you.
You visited 1 branch of the dungeon, and saw 3 of its levels.

You collected 179 gold pieces.
You spent 54 gold pieces at shops.

Inventory:

Hand Weapons
 a - a +0 hand axe (weapon)
Armour
 b - a +0 scale mail (worn)
 c - a +0 buckler (worn)
Jewellery
 i - a ring of ice
 n - a ring of magical power
Scrolls
 d - 2 scrolls of teleportation {unknown}
 e - a scroll of enchant armour {unknown}
 g - a scroll of noise {unknown}
 h - a scroll of summoning {unknown}
 j - a scroll of amnesia {unknown}
 k - 2 scrolls of fog {unknown}
 m - a scroll of immolation {unknown}
Potions
 l - 2 potions of lignification {unknown}
 o - a potion of curing {unknown}
 p - a potion of cancellation {unknown}


   Skills:
 - Level 3.6 Fighting
 + Level 5.9 Axes
 + Level 0.2 Throwing
 - Level 2.4 Armour
 - Level 2.1 Dodging


You had 3 spell levels left.
You didn't know any spells.
Your spell library was empty.

Dungeon Overview and Level Annotations

Branches:
Dungeon (3/15)

Altars:

Shops:
D:1 [


Innate Abilities, Weirdness & Mutations

You have a pair of horns on your head.
You reflexively headbutt those who attack you in melee.


Message History

You hit the orc.
You kill the orc!
Trog accepts your kill.
You hit the orc. x2; The orc hits you with a +0 hand axe.
An orc comes into view. It is wielding a +2 vorpal hand axe.
The orc hits you but does no damage.
The orc shouts!
The orc hits you with a +0 hand axe. The orc misses you.
Things that are here:
a +0 war axe; an orc corpse You slash the orc!
You kill the orc!
Trog accepts your kill.
You hit the orc but do no damage. You completely miss the orc.
The orc closely misses you. The orc hits you but does no damage.
The orc hits you with a +0 hand axe. x2
There is a stone staircase leading down here.
You see here a +0 flail.
The orc misses you. The orc hits you but does no damage.
Things that are here:
a +0 war axe; an orc corpse You barely miss the orc.
You headbutt the orc.
You kill the orc!
Trog accepts your kill.
You completely miss the orc. You closely miss the orc.
The orc hits you with a +2 vorpal hand axe.
* * * LOW HITPOINT WARNING * * *
The orc hits you but does no damage.
You hit the orc.
You kill the orc!
Trog accepts your kill.
You hit the orc.
The orc hits you with a +2 vorpal hand axe.
* * * LOW HITPOINT WARNING * * *
x2 You have reached level 4!
You feel stronger.
You hit the orc.
The orc is almost dead.
The orc hits you with a +2 vorpal hand axe.
You die...

..... ... ..[ .(. :
##.## # ... # #.# #
##o###.#### #
#)@)(.# ...########
#..###..#..........
#..# # ...........
#..###.#.##.####.##
#........##.####.##
##.###.#...........
#.....#.##.####.##
#..##.#.##.# #.#
#..# #....# #.##


You could see an orc.

Vanquished Creatures
  An adder (D:3)
  4 dart slugs
  4 orcs (D:3)
  3 ball pythons
  4 endoplasms
  4 giant cockroaches
  A goblin (D:2)
  5 hobgoblins
  3 jackals (D:1)
  2 kobolds (D:1)
  6 bats
  A frilled lizard (D:1)
  5 rats
43 creatures vanquished.

Notes
Turn   | Place    | Note
-------+----------+-------------------------------------------
     0 | D:1      | Wiggles the Minotaur Berserker began the quest for the Orb.
     0 | D:1      | Reached XP level 1. HP: 19/19 MP: 0/0
    66 | D:1      | Found Boeguaqeakh's Armour Emporium.
    74 | D:1      | Reached skill level 4 in Axes
   213 | D:1      | Bought a +0 buckler for 54 gold pieces
   280 | D:1      | Reached XP level 2. HP: 26/26 MP: 1/1
   899 | D:1      | Reached skill level 5 in Axes
  1042 | D:2      | Reached XP level 3. HP: 31/31 MP: 2/2
  1093 | D:2      | Found a faded altar of an unknown god.
  1093 | D:2      | Noticed a floating eye
  1100 | D:2      | Noticed a great orb of eyes
  1105 | D:2      | Noticed a golden eye
  1105 | D:2      | Noticed a shining eye
  1127 | D:2      | Reached ** piety under Trog
  2092 | D:3      | HP: 1/31 [orc/+2 vorpal hand axe (2)]
  2093 | D:3      | Reached XP level 4. HP: 1/39 MP: 3/3
  2093 | D:3      | Slain by an orc

Illustrated notes

Levels and vault maps discovered:
D:1:      dpeg_arrival_three_same_balls, layout_basic, serial_shops, shop_coins,
          hangedman_decor_growths
D:2:      layout_basic, hellmonk_ecumenical_altar_watching_god,
          minmay_split_cup_small
D:3:      layout_loops_ring, minmay_bisected

Skill      XL: |  1  2 |
---------------+-------+-----
Axes           | 4 5 |  5.9
Fighting       | |  3.6
Throwing       | |  0.2
Armour         | |  2.4
Dodging        | |  2.1

Action                   |  1- 3 |  4- 6 || total
-------------------------+-------+-------++-------
Melee: Hand axe          |    73 |     1 ||    74
       Headbutt          |    13 |       ||    13
Throw: Javelin           |     5 |       ||     5
Armor: Leather armour    |     1 |       ||     1
       Scale mail        |    33 |       ||    33
Dodge: Dodged            |    39 |       ||    39
Block: Buckler           |     4 |       ||     4
